 Dungeon Crawl Stone Soup version 0.27-a0-1191-g601b473118 (webtiles) character file.

Game seed: 8779354344158190695

465 agentchuck the Stinger (level 7, -9/55 HPs)
             Began as a Naga Venom Mage on May 25, 2021.
             Mangled by a two-headed ogre
             ... wielding a +0 giant club
              (28 damage)
             ... on level 6 of the Dungeon.
             The game lasted 00:18:48 (2587 turns).

agentchuck the Stinger (Naga Venom Mage)            Turns: 2587, Time: 00:18:48

Health: -9/55      AC:  6    Str: 11    XL:     7   Next: 8%
Magic:  3/11       EV:  9    Int: 17    God:
Gold:   266        SH:  0    Dex: 11    Spells: 1/12 levels left

rFire    + . .     SeeInvis +   c - +0 short sword
rCold    . . .     Faith    .   (no shield)
rNeg     . . .     Spirit   .   r - +0 troll leather armour
rPois    +         Reflect  .   l - +0 helmet
rElec    .         Harm     .   (no cloak)
rCorr    .         Rampage  .   u - +0 pair of gloves
Will     .....                  (no barding)
Stlth    ++........             (no amulet)
HPRegen  1.18/turn              F - ring of protection from fire
MPRegen  0.12/turn              (no ring)

@: very slow
A: AC +2, large, see invisible, deformed body, poison resistance, slowness 2,
spit poison 1, naga tail 1
a: Spit Poison


You were on level 6 of the Dungeon.
You visited 2 branches of the dungeon, and saw 7 of its levels.

You collected 266 gold pieces.


Innate Abilities, Weirdness & Mutations

Your serpentine skin is tough. (AC +2)
You have supernaturally acute eyesight. (SInv)
Armour fits poorly on your strangely shaped body.
Your system is resistant to poisons. (rPois)
You cover ground very slowly.
You can spit poison.
You have a snake-like lower body.


   Skills:
 - Level 1.5 Dodging
 - Level 4.0 Stealth
 - Level 3.1 Spellcasting
 + Level 3.1 Conjurations
 + Level 1.7 Hexes
 - Level 1.0 Transmutations
 + Level 2.1 Air Magic
 - Level 6.8 Poison Magic


You had one spell level left.
You knew the following spells:

 Your Spells              Type           Power      Damage    Failure   Level
m - Mephitic Cloud        Conj/Pois/Air  16%        N/A       13%         3
p - Poisonous Vapours     Pois/Air       34%        N/A       5%          2
x - Ensorcelled Hibernat  Hex/Ice        10%        N/A       24%         2
z - Sting                 Tmut/Pois      64%        1d6       4%          1
X - Ignite Poison         Fire/Tmut/Pois 11%        N/A       24%         3

Your spell library contained the following spells:

 Spells                   Type           Power      Damage    Failure   Level
 Corona                   Hex            8%         N/A       11%         1
 Olgreb's Toxic Radiance  Pois           25%        N/A       14%         4
 Dazzling Flash           Conj/Hex       22%        N/A       24%         3
 Confusing Touch          Hex            8%         N/A       32%         3
 Tukima's Dance           Hex            8%         N/A       32%         3

Inventory:

Hand Weapons
 c - a +0 short sword (weapon)
Missiles
 b - 141 stones
 v - a throwing net {=f}
Armour
 a - a +0 robe
 g - a +0 leather armour
 l - a +0 helmet (worn)
 r - a +0 troll leather armour (worn)
 u - a +0 pair of gloves (worn)
Jewellery
 F - a ring of protection from fire (left hand)
Scrolls
 e - 2 scrolls of fear
 f - a scroll of amnesia {unknown}
 p - a scroll of fog {unknown}
 s - a scroll of magic mapping
 t - a scroll of silence {unknown}
 w - 3 scrolls of teleportation {@r4}
 x - a scroll of immolation {unknown}
Potions
 d - 3 potions of haste {@q3}
 h - a potion of brilliance {unknown}
 i - 2 potions of attraction {!q}
 j - a potion of invisibility
 k - a potion of cancellation {unknown}
 m - a potion of magic {unknown}
 n - a potion of mutation {unknown}
 o - 2 potions of curing {unknown}
 q - 3 potions of flight {unknown}

Dungeon Overview and Level Annotations

Branches:
Dungeon (6/15)             Temple (1/1) D:4

Altars:
Dithmenos
Elyvilon
Hepliaklqana
Kikubaaqudgha
Makhleb
Nemelex Xobeh
Ru
Sif Muna
Uskayaw
Wu Jian
Xom
Zin

Annotations:
D:6 exclusion: water moccasin

#. #.#
.##..##.###.###
...............
.##.###.#
........#
..##.###.### .#
........<..#....
#..##.##.........
#..##@##..#####.#
#.....O#..#
#..##.....# #.
#####^# # ###


You could see a two-headed ogre (poisoned).


Message History

The ball explodes into a vile cloud!
The stinking cloud engulfs the two-headed ogre but does no damage.
The two-headed ogre is moderately wounded.
The two-headed ogre is engulfed in noxious fumes.
The two-headed ogre appears confused.
Casting: Mephitic Cloud (dangerous; 13% risk of failure)
Confirm with . or Enter, or press ? or * to list all spells.
Aiming: Poisonous Vapours (safe; 5% risk of failure)
Press: ? - help, Dir - move target, f/p - two-headed ogre
Aim: a two-headed ogre, wielding two +0 giant clubs (moderately wounded, confused, very poisoned) Poisonous vapours surround the two-headed ogre!
The two-headed ogre is engulfed in poison gas.
The two-headed ogre looks even sicker.
You hit the two-headed ogre.
The two-headed ogre is heavily wounded.
The two-headed ogre is engulfed in noxious fumes.
The two-headed ogre closely misses you.
The two-headed ogre hits you with a +0 giant club!
You hit the two-headed ogre.
The two-headed ogre is heavily wounded.
The two-headed ogre seems less confused.
The two-headed ogre is engulfed in noxious fumes.
The two-headed ogre hits you with a +0 giant club!
The two-headed ogre closely misses you. The two-headed ogre barely misses you.
The two-headed ogre hits you with a +0 giant club!!
* * * LOW HITPOINT WARNING * * *
The two-headed ogre hits you with a +0 giant club!!
Ouch! That really hurt!
You die...

Skill      XL: |  1  2  3  4  5  6 |
---------------+-------------------+-----
Poison Magic   | 5 6 |  6.8
Stealth        | 4 |  4.0
Air Magic      | 1 2 |  2.1
Conjurations   | 1 2 3 |  3.1
Spellcasting   | 3 |  3.1
Hexes          | 1 |  1.7
Dodging        | |  1.5
Transmutations | |  1.0

Action                   |  1- 3 |  4- 6 |  7- 9 || total
-------------------------+-------+-------+-------++-------
Melee: Short sword       |     9 |    64 |    10 ||    83
       Unarmed           |     1 |       |       ||     1
 Cast: Sting             |    10 |     5 |       ||    15
       Poisonous Vapours |    20 |    31 |     3 ||    54
       Mephitic Cloud    |       |       |     1 ||     1
 Abil: Spit Poison       |    13 |    10 |       ||    23
  Use: Scroll            |       |     4 |       ||     4
       Potion            |       |     1 |       ||     1
 Stab: Sleeping          |       |     1 |       ||     1
Armor: Robe              |     7 |     1 |       ||     8
       Troll leather arm |       |    25 |     4 ||    29
Dodge: Dodged            |     8 |    43 |     8 ||    59

Levels and vault maps discovered:
D:1:      dpeg_arrival_tiny_b, layout_loops_ring
D:2:      layout_basic, minmay_pentomino_t4, uniq_sigmund
D:3:      layout_loops_ring, hellmonk_ecumenical_altar_heavens_door,
          gup_sewer_entry_bowl, due_unseen_surprise
D:4:      layout_cave_pods, minmay_temple_entry_offerings, minivault_4,
          chequers_serial_rivers_micro_b
D:5:      layout_loops_ring, chequers_avenue, chequers_garden
D:6:      layout_basic, minitemple, serial_park_tiny_2, uniq_edmund
Temple:   minmay_temple_bridge_abc

Notes
Turn   | Place    | Note
-------+----------+-------------------------------------------
     0 | D:1      | agentchuck the Naga Venom Mage began the quest for the Orb.
     0 | D:1      | Reached XP level 1. HP: 15/15 MP: 3/3
   361 | D:1      | Reached XP level 2. HP: 22/22 MP: 3/5
   364 | D:1      | Learned a level 2 spell: Poisonous Vapours
   652 | D:2      | Reached skill level 5 in Poison Magic
   652 | D:2      | Reached XP level 3. HP: 26/28 MP: 0/6
   755 | D:2      | Reached skill level 4 in Stealth
   930 | D:2      | Reached skill level 1 in Air Magic
   930 | D:2      | Reached XP level 4. HP: 35/36 MP: 1/7
   934 | D:2      | Learned a level 3 spell: Mephitic Cloud
  1333 | D:4      | Reached skill level 6 in Poison Magic
  1373 | D:4      | Reached skill level 1 in Conjurations
  1527 | D:4      | Reached XP level 5. HP: 17/42 MP: 8/8
  1622 | D:4      | Noticed a steam dragon
  1637 | D:4      | Killed a steam dragon
  1638 | D:4      | Reached skill level 3 in Spellcasting
  1638 | D:4      | Reached skill level 2 in Conjurations
  1638 | D:4      | Reached XP level 6. HP: 29/49 MP: 0/10
  1714 | D:4      | Found a staircase to the Ecumenical Temple.
  1726 | Temple   | Entered the Ecumenical Temple
  1829 | D:4      | You fall into a shaft and drop 1 floor!
  1829 | D:5      | Entered Level 5 of the Dungeon
  1843 | D:5      | Learned a level 3 spell: Ignite Poison
  1846 | D:5      | Learned a level 2 spell: Ensorcelled Hibernation
  1934 | D:5      | Reached skill level 1 in Hexes
  2158 | D:5      | Reached skill level 3 in Conjurations
  2158 | D:5      | Reached skill level 2 in Air Magic
  2158 | D:5      | Reached XP level 7. HP: 52/55 MP: 1/11
  2570 | D:6      | Noticed a two-headed ogre
  2587 | D:6      | Mangled by a two-headed ogre

Vanquished Creatures
  A steam dragon (D:4)
  A scorpion (D:4)
  A howler monkey (D:5)
  2 bullfrog skeletons
  2 hounds (D:5)
  An iguana (D:5)
  A scorpion zombie (D:5)
  3 gnolls
  6 adders
  A dart slug (D:1)
  3 endoplasms
  3 giant cockroaches
  5 hobgoblins
  5 ball pythons
  2 bats
  3 frilled lizards
  8 goblins
  3 kobolds
  5 rats
56 creatures vanquished.

Table legend: (Time is in decaauts)
 A = Elapsed time spent in this place.
 B = Non-inter-level travel time spent in this place.
 C = Inter-level travel time spent in this place.
 D = Time resting spent in this place.
 E = Time spent auto-exploring this place.
 F = Levels seen in this place.
 G = Mean time per level.
                   A        B        C        D        E       F      G
               +--------+--------+--------+--------+--------+-----+--------+
         Total |   3321 |   3024 |    297 |    344 |     70 |   7 |  474.4 |
       Dungeon |   3255 |   2984 |    271 |    344 |     70 |   6 |  542.5 |
        Temple |     66 |     40 |     26 |      0 |      0 |   1 |   66.0 |
               +--------+--------+--------+--------+--------+-----+--------+

Top non-repeatable levels by time:
     D:5: 982 daAuts
     D:1: 740 daAuts
     D:4: 640 daAuts
     D:2: 633 daAuts
     D:3: 225 daAuts
  Temple: 66 daAuts
     D:6: 32 daAuts

Table legend:
 A = Non-vault XP
 B = Vault XP
 C = Vault XP percentage of total XP
 D = Non-vault monster count
 E = Vault monster count
 F = Vault count percentage of total count
                 A         B        C        D         E       F
            +---------+---------+-------+---------+---------+-------
      Total |     649 |      16 |   2.4 |      54 |       2 |   3.6
            +---------+---------+-------+---------+---------+-------
        D:1 |      24 |       0 |   0.0 |      14 |       0 |   0.0
        D:2 |      61 |      16 |  20.8 |      18 |       2 |  10.0
        D:3 |      21 |       0 |   0.0 |       6 |       0 |   0.0
        D:4 |     285 |       0 |   0.0 |       8 |       0 |   0.0
        D:5 |     258 |       0 |   0.0 |       8 |       0 |   0.0
            +---------+---------+-------+---------+---------+-------
